 Dungeon Crawl Stone Soup version 0.21.1-1-g345015f (webtiles) character file.

74 Dfrag the Grave Robber (level 4, -3/36 HPs)
             Began as a Deep Dwarf Necromancer on Feb 18, 2018.
             Slain by an orc
             ... wielding a +0 flail
              (7 damage)
             ... on level 3 of the Dungeon.
             The game lasted 00:02:40 (1265 turns).

Dfrag the Grave Robber (Deep Dwarf Necromancer)     Turns: 1265, Time: 00:02:41

Health: -3/36      AC:  2    Str: 11    XL:     4   Next: 10%
Magic:  2/8        EV: 12    Int: 17    God:
Gold:   39         SH:  0    Dex: 13    Spells: 5/9 levels left

rFire    . . .     SeeInvis .   o - +0 mace (crush)
rCold    . . .     Gourm    .   (no shield)
rNeg     . . .     Faith    .   a - +0 robe
rPois    .         Spirit   .   (no helmet)
rElec    .         Reflect  .   (no cloak)
rCorr    .         Harm     .   (no gloves)
MR       .....                  (no boots)
Stlth    ++........             (no amulet)
HPRegen  0.00/turn              (no ring)
MPRegen  0.11/turn              (no ring)

@: very slightly contaminated, non-regenerating
A: damage resistance, heal wounds, sense surroundings 1, no regeneration
a: Heal Wounds


You were on level 3 of the Dungeon.
You were not hungry.

You visited 1 branch of the dungeon, and saw 3 of its levels.

You collected 39 gold pieces.

Inventory:

Hand Weapons
 o - a +0 mace of crushing (weapon)
Armour
 a - a +0 robe (worn)
Wands
 n - a wand of disintegration (9)
Scrolls
 d - a scroll of enchant armour {unknown}
 e - 3 scrolls of amnesia {unknown}
 g - 3 scrolls of identify {unknown}
 j - a scroll of immolation {unknown}
 k - a scroll of fear {unknown}
 l - 2 scrolls of random uselessness {unknown}
Potions
 f - a potion of lignification {unknown}
 i - a potion of curing {unknown}
 m - a potion of mutation {unknown}
Books
 b - a book of Necromancy

   Spells                             Type                      Level
   a - Pain                           Necromancy                   1
   b - Animate Skeleton               Necromancy                   1
   c - Vampiric Draining              Necromancy                   3
   d - Regeneration                   Charms/Necromancy            3
   e - Animate Dead                   Necromancy                   4
   f - Borgnjor's Vile Clutch         Necromancy/Earth             5
Comestibles
 c - 5 rations
 h - 6 chunks of flesh


   Skills:
 - Level 2.1 Dodging
 - Level 2.4 Stealth
 * Level 3.2 Spellcasting
 + Level 5.0 Necromancy


You had 5 spell levels left.
You knew the following spells:

 Your Spells              Type           Power        Failure   Level  Hunger
a - Pain                  Necr           ###.         2%          1    None
b - Vampiric Draining     Necr           ###.......   6%          3    ###....


Dungeon Overview and Level Annotations

Branches:
Dungeon (3/15)

Altars:
Okawaru


Innate Abilities, Weirdness & Mutations

You are resistant to damage.
You can heal yourself by infusing magical energy.
You passively map a small area around you.
You do not regenerate.


Message History

You miscast Vampiric Draining.
You are very lightly contaminated with residual magic.
You shiver with cold.
The orc shouts!
The orc closely misses you.
You hit the orc but do no damage. The orc hits you but does no damage.
You hit the orc.
The orc is heavily wounded.
The orc hits you with a club.
* * * LOW HITPOINT WARNING * * *
An orc comes into view. It is wielding a flail.
You hit the orc.
You kill the orc!
You barely miss the orc. The orc hits you with a flail.
You closely miss the orc. The orc hits you with a flail!
* * * LOW HITPOINT WARNING * * *
You closely miss the orc. The orc hits you with a flail.
* * * LOW HITPOINT WARNING * * *
The orc hits you with a flail!
You die...

* , * * ,, ....... * *
#........ ###.....?.. * ##
#.......?.. ...#*###..........
, ..... ........... * ,
......##........., # ,
.....oo@....#* * #. ,
##.#.####..## .#.* * *
#..####### ## .. ,, *
#........#...# .##.#####, **
##.##......... ....#...##..#
#..#.......).., ##.....##.#
#.##....(.....
*#.......#.#,,##..##..........
#..<....#.# ,...# ##.........


You could see 2 orcs.

Vanquished Creatures
  3 adders (D:2)
  An ooze (D:1)
  3 worms
  An orc (D:3)
  5 bats
  4 goblins
  3 hobgoblins
  2 jackals (D:1)
  2 quokkas
  A ball python (D:2)
  3 frilled lizards
  5 kobolds
  4 rats (D:2)
37 creatures vanquished.

Notes
Turn   | Place    | Note
-------+----------+-------------------------------------------
     0 | D:1      | Dfrag the Deep Dwarf Necromancer began the quest for the Orb.
     0 | D:1      | Reached XP level 1. HP: 15/15 MP: 3/3
   189 | D:1      | Reached XP level 2. HP: 20/22 MP: 0/5
   538 | D:2      | Reached XP level 3. HP: 18/28 MP: 1/7
   552 | D:2      | Learned a level 3 spell: Vampiric Draining
  1110 | D:3      | Reached skill level 5 in Necromancy
  1141 | D:3      | Found an iron altar of Okawaru.
  1207 | D:3      | Reached XP level 4. HP: 30/36 MP: 1/8
  1265 | D:3      | Slain by an orc

Skill      XL: |  1  2  3 |
---------------+----------+-----
Spellcasting   | 2 3 |  3.2
Necromancy     | 5 |  5.0
Dodging        | |  2.1
Stealth        | |  2.4

Action                   |  1- 3 |  4- 6 || total
-------------------------+-------+-------++-------
Melee: Unarmed           |    69 |     7 ||    76
       Mace              |       |    13 ||    13
 Cast: Pain              |    54 |       ||    54
       Vampiric Draining |     8 |     1 ||     9
Evoke: Wand              |     1 |     1 ||     2
  Eat: Chunk             |     2 |     1 ||     3
Armor: Robe              |    13 |     2 ||    15
Dodge: Dodged            |    60 |     5 ||    65
